 Dungeon Sprint DCSS version 0.18.1-8-gdd0e5ea (webtiles) character file.

91 Groucho the Insei (level 4, -2/32 HPs)
             Began as an Octopode Transmuter on May 23, 2016.
             Was a High Priest of Makhleb.
             Slain by a porcupine (14 damage)
             ... in the Dungeon (Sprint VII: "The Pits").
             The game lasted 00:03:08 (1447 turns).

Groucho the Insei (Octopode Transmuter)             Turns: 1447, Time: 00:03:08

Health: -2/32      AC:  1    Str:  9    XL:     4   Next: 59%
Magic:  9/9        EV: 14    Int: 15    God:    Makhleb [*****.]
Gold:   0          SH:  0    Dex: 13    Spells: 2 memorised, 6 levels left

rFire  . . .     SeeInvis .     j - +2 trident
rCold  . . .     Gourm    .     (no shield)
rNeg   . . .     Faith    .     (helmet restricted)
rPois  .         Spirit   .     (no amulet)
rElec  .         Dismiss  .     (no ring)
rCorr  .         Reflect  .     (no ring)
SustAt .         Harm     .     (no ring)
MR     .....     NoTele   +     (no ring)
Stlth  +++.......               (no ring)
                                (no ring)
                                (no ring)
                                (no ring)

@: not resistant to hostile enchantments, fairly stealthy
A: almost no armour, amphibious, 8 rings, constrict 8, camouflage 1, gelatinous
body 1
a: Minor Destruction, Lesser Servant of Makhleb, Major Destruction, Greater
Servant of Makhleb, Renounce Religion


You were in the Dungeon.
You worshipped Makhleb.
Makhleb was extremely pleased with you.
You were not hungry.

You visited 1 branch

Inventory:

Hand Weapons
 j - a +2 trident (weapon)
Missiles
 a - 12 arrows
 q - 10 stones (quivered)
Scrolls
 i - a scroll of blinking
 n - 3 scrolls of remove curse
 o - 5 scrolls of amnesia
 p - a scroll of summoning
Potions
 d - 5 potions of curing
 e - 6 potions of heal wounds
 f - a potion of haste
 g - 4 potions of magic
 h - 3 potions of berserk rage
 m - 2 potions of invisibility
Books
 b - a book of Changes

   Spells                             Type                      Level
   a - Beastly Appendage              Transmutation                1
   b - Sticks to Snakes               Transmutation                2
   c - Spider Form                    Transmutation/Poison         3
   d - Ice Form                       Ice/Transmutation            4
   e - Blade Hands                    Transmutation                5
Comestibles
 c - 7 bread rations
 k - 40 fruits
 l - 7 meat rations


   Skills:
 * Level 3.6 Fighting
 * Level 4.2 Dodging
 + Level 3.2 Stealth
 * Level 4.9 Unarmed Combat
 * Level 3.5 Spellcasting
 * Level 4.1 Transmutations


You had 6 spell levels left.
You knew the following spells:

 Your Spells              Type           Power        Failure   Level  Hunger
a - Beastly Appendage     Trmt           ###...       3%          1    None
b - Spider Form           Trmt/Pois      #.........   30%         3    ###....


Dungeon Overview and Level Annotations

Branches:
Dungeon (1/1)

Altars:
Ashenzari
Cheibriados
Dithmenos
Elyvilon
Fedhas
Gozag
Kikubaaqudgha
Makhleb
Nemelex Xobeh
Okawaru
Pakellas
Qazlal
Ru
Sif Muna
Trog
Vehumet
Xom
Yredelemnul
Zin
The Shining One
Beogh
Jiyva
Lugonu


Innate Abilities, Weirdness & Mutations

You cannot wear most types of armour.
You are amphibious.
You can wear up to eight rings at the same time.
You can use your tentacles to constrict eight enemies at once.
Your skin changes colour to match your surroundings (Stealth).
Your rubbery body absorbs attacks (AC +1).


Message History

You closely miss the porcupine.
The porcupine is lightly wounded.
The porcupine closely misses you. x2
You barely miss the porcupine.
The porcupine is lightly wounded.
The porcupine bites you!
The porcupine bites you but does no damage.
You hit the porcupine.
The porcupine is moderately wounded.
The porcupine barely misses you.
You puncture the porcupine!
The porcupine is severely wounded.
The porcupine completely misses you. The porcupine barely misses you.
You barely miss the porcupine.
The porcupine is severely wounded.
The porcupine bites you!
You closely miss the porcupine.
The porcupine is severely wounded.
The porcupine bites you!
You die...

#.#........##.......#
#'###########.......#
#.......# #########
#...#...# #...#...#
#.##.##.# #...#...#
#...#...#+#
#......@r.#
###########


You could see a porcupine.

Vanquished Creatures
  An orc wizard (D)
  A worker ant (D)
  2 river rats (D)
  An ufetubus (D)
  2 giant geckos (D)
  4 orcs (D)
  A bat (D)
  2 giant cockroaches (D)
  A quokka (D)
  A giant newt (D)
  2 rats (D)
18 creatures vanquished.

Notes
Turn   | Place    | Note
--------------------------------------------------------------
     0 | D        | Groucho the Octopode Transmuter began the quest for the Orb.
     0 | D        | Reached XP level 1. HP: 13/13 MP: 3/3
    55 | D        | Found a sacrificial altar of Ru.
    55 | D        | Found a basalt altar of Yredelemnul.
    55 | D        | Found a shadowy altar of Dithmenos.
    55 | D        | Found a deep blue altar of Sif Muna.
    55 | D        | Found a burning altar of Makhleb.
    55 | D        | Found a shimmering altar of Xom.
    55 | D        | Found an ancient bone altar of Kikubaaqudgha.
    55 | D        | Found a sparkling altar of Nemelex Xobeh.
    56 | D        | Found a glowing golden altar of the Shining One.
    56 | D        | Found a bloodstained altar of Trog.
    56 | D        | Found a shattered altar of Ashenzari.
    56 | D        | Found a white marble altar of Elyvilon.
    56 | D        | Found a snail-covered altar of Cheibriados.
    56 | D        | Found a blossoming altar of Fedhas.
    56 | D        | Found a radiant altar of Vehumet.
    56 | D        | Found a glowing silver altar of Zin.
    56 | D        | Found a corrupted altar of Lugonu.
    56 | D        | Found a viscous altar of Jiyva.
    56 | D        | Found a roughly hewn altar of Beogh.
    56 | D        | Found an iron altar of Okawaru.
    57 | D        | Found an oddly glowing altar of Pakellas.
    62 | D        | Found a stormy altar of Qazlal.
    63 | D        | Found an opulent altar of Gozag.
    74 | D        | Became a worshipper of Makhleb the Destroyer
   190 | D        | Reached * piety under Makhleb
   190 | D        | Reached XP level 2. HP: 6/19 MP: 5/5
   503 | D        | Reached skill level 1 in Stealth
   608 | D        | Reached ** piety under Makhleb
   735 | D        | Reached XP level 3. HP: 23/25 MP: 7/7
   743 | D        | Learned a level 3 spell: Spider Form
   756 | D        | Reached *** piety under Makhleb
  1088 | D        | Reached **** piety under Makhleb
  1091 | D        | Reached XP level 4. HP: 26/31 MP: 8/8
  1100 | D        | Reached ***** piety under Makhleb
  1440 | D        | Noticed a porcupine
  1447 | D        | Slain by a porcupine

Skill      XL: |  1  2  3  4 |
---------------+-------------+-----
Fighting       | 2 3 |  3.6
Stealth        | 2 3 |  3.2
Dodging        | 3 4 |  4.2
Unarmed Combat | 4 |  4.9
Transmutations | 3 4 |  4.1
Spellcasting   | 3 |  3.5

Action                   |  1- 3 |  4- 6 || total
-------------------------+-------+-------++-------
Melee: Trident           |    27 |    23 ||    50
       Constrict         |     6 |     2 ||     8
       Unarmed           |     6 |       ||     6
       Punch             |     1 |       ||     1
       Tentacles         |     1 |     2 ||     3
Throw: Stone             |     1 |       ||     1
 Cast: Spider Form       |     1 |       ||     1
  Use: Potion            |     1 |       ||     1
 Stab: Sleeping          |     4 |       ||     4
  Eat: Bread ration      |     1 |       ||     1
Armor: Skin              |     1 |     2 ||     3
Dodge: Dodged            |    19 |    11 ||    30
